 Dungeon Crawl Stone Soup version 0.20-a0-2-g2b0e13a (webtiles) character file.

347 tsouns the Sneak (level 6, -1/43 HPs)
             Began as an Octopode Gladiator on Oct 28, 2016.
             Slain by a worker ant (2 damage)
             ... on level 3 of the Dungeon.
             The game lasted 00:08:07 (2895 turns).

tsouns the Sneak (Octopode Gladiator)               Turns: 2895, Time: 00:08:09

Health: -1/43      AC:  1    Str: 14    XL:     6   Next: 59%
Magic:  6/6        EV: 20    Int: 12    God:
Gold:   198        SH:  0    Dex: 18    Spells: 0 memorised, 5 levels left

rFire  . . .     SeeInvis .     a - +2 trident
rCold  . . .     Gourm    .     (no shield)
rNeg   . . .     Faith    +     b - +0 hat
rPois  .         Spirit   .     n - amulet of faith
rElec  .         Reflect  .     (no ring)
rCorr  .         Harm     .     (no ring)
MR     .....                    (no ring)
Stlth  +++++.....               (no ring)
                                (no ring)
                                (no ring)
                                (no ring)
                                (no ring)

@: agile, lethally poisoned (-1 -> -3)
A: almost no armour, stealthy swim, amphibious, 8 rings, constrict 8, camouflage
1, gelatinous body 1
a: no special abilities


You were on level 3 of the Dungeon.
You were not hungry.

You visited 1 branch of the dungeon, and saw 4 of its levels.

You collected 198 gold pieces.

Inventory:

Hand Weapons
 a - a +2 trident (weapon)
 o - a +2 dagger of electrocution
Missiles
 c - 3 throwing nets (quivered)
 e - 16 bolts
 g - 20 poisoned needles
 j - 57 arrows
Armour
 b - a +0 hat (worn)
Jewellery
 n - an amulet of faith (around mantle)
Scrolls
 h - 2 scrolls of amnesia
 r - a scroll of teleportation
Potions
 i - a potion of cancellation
 p - a potion of agility
 q - a potion of magic
 t - a potion of berserk rage {unknown}
Comestibles
 d - 3 bread rations
 l - 2 beef jerkies


   Skills:
 + Level 3.8 Fighting
 + Level 4.2 Polearms
 - Level 2.0 Throwing
 + Level 4.0 Dodging
 - Level 5.3 Stealth


You had 5 spell levels left.
You didn't know any spells.

Dungeon Overview and Level Annotations

Branches:
Dungeon (4/15)
 Temple: D:4-7

Altars:
Hepliaklqana
Xom

Annotations:
D:4 Capuchin's ghost, amateur MiFi; Natasha


Innate Abilities, Weirdness & Mutations

You cannot wear most types of armour.
You are very stealthy in the water. (Stealth+)
You are amphibious.
You can wear up to eight rings at the same time.
You can use your tentacles to constrict eight enemies at once.
Your skin changes colour to match your surroundings (Stealth+).
Your rubbery body absorbs attacks. (AC +1, EV +1)


Message History

* * * LOW HITPOINT WARNING * * *
You feel sick.
* * * LOW HITPOINT WARNING * * *
You feel sick.
* * * LOW HITPOINT WARNING * * *
You feel sick. The worker ant closely misses you.
* * * LOW HITPOINT WARNING * * *
You feel sick.
* * * LOW HITPOINT WARNING * * *
You feel sick.
There is an escape hatch in the ceiling here.
* * * LOW HITPOINT WARNING * * *
You feel sick. The worker ant closely misses you.
A mysterious force pulls you upwards. The hatch slams shut behind you.
You hit the worker ant. You grab the worker ant.
The worker ant is moderately wounded.
You constrict the worker ant.
* * * LOW HITPOINT WARNING * * *
You feel sick. The worker ant bites you.
You die...

#....... #.######
#.8...>_ #.######
#....... #####...
######## ##.#
####......######.#
#@...####.........
#a#### ########..
#.# #.# #.# #..
#.# ##.# #.###
##.## #...#
########.##
#####.#
#.<†..##..##
#.....#
#.....##...#


You could see a worker ant.

Vanquished Creatures
  A sky beast (D:4)
  A scorpion (D:4)
  A centaur skeleton (D:4)
  An iguana (D:3)
  4 adders
  A gnoll (D:4)
  2 oozes (D:3)
  6 worms
  2 dart slugs
  3 leopard geckos
  An orc (D:3)
  7 giant cockroaches
  8 goblins
  6 hobgoblins
  7 jackals (D:3)
  A quokka (D:1)
  A ball python (D:1)
  6 bats
  5 frilled lizards
  7 kobolds
  10 rats
81 creatures vanquished.

Notes
Turn   | Place    | Note
-------+----------+-------------------------------------------
     0 | D:1      | tsouns the Octopode Gladiator began the quest for the Orb.
     0 | D:1      | Reached XP level 1. HP: 14/14 MP: 1/1
   103 | D:1      | Reached skill level 1 in Stealth
   388 | D:1      | Reached XP level 2. HP: 19/19 MP: 2/2
   495 | D:1      | Found a shimmering altar of Xom.
   497 | D:1      | Found a glowing silver altar of Zin.
   497 | D:1      | Found a shimmering altar of Xom.
   499 | D:1      | Found a shimmering altar of Xom.
   499 | D:1      | Found a shattered altar of Ashenzari.
   499 | D:1      | Found a burning altar of Makhleb.
   724 | D:1      | Reached skill level 2 in Stealth
   976 | D:1      | Reached XP level 3. HP: 24/24 MP: 3/3
  1182 | D:1      | Reached skill level 3 in Stealth
  1469 | D:2      | Reached XP level 4. HP: 26/30 MP: 4/4
  1962 | D:3      | Reached skill level 4 in Stealth
  2132 | D:3      | Reached XP level 5. HP: 36/36 MP: 5/5
  2438 | D:3      | Found a hazy altar of Hepliaklqana.
  2602 | D:4      | Reached skill level 5 in Stealth
  2602 | D:4      | Reached XP level 6. HP: 33/42 MP: 6/6
  2798 | D:4      | Noticed Capuchin's ghost (amateur MiFi)
  2799 | D:4      | Noticed Natasha
  2864 | D:4      | Noticed a sky beast
  2878 | D:4      | Killed a sky beast
  2893 | D:4      | HP: 2/43 [poisoned by a worker ant]
  2895 | D:3      | Slain by a worker ant

Vault maps used:
D:1:      dpeg_arrival_refuge, doesnt_xom_only_xom
D:2:      first_bread
D:3:      lemuel_statue_altar
D:4:      uniq_natasha, uniq_eustachio

Skill      XL: |  1  2  3  4  5  6 |
---------------+-------------------+-----
Stealth        | 1 2 3 4 5 |  5.3
Fighting       | 3 |  3.8
Polearms       | 4 |  4.2
Dodging        | 4 |  4.0
Throwing       | |  2.0

Action                   |  1- 3 |  4- 6 || total
-------------------------+-------+-------++-------
Melee: Trident           |    91 |   113 ||   204
       Constrict         |    17 |    22 ||    39
       Tentacles         |    13 |    15 ||    28
Throw: Throwing net      |     3 |       ||     3
  Use: Potion            |     1 |     1 ||     2
       Scroll            |       |     9 ||     9
 Stab: Sleeping          |     4 |    14 ||    18
  Eat: Chunk             |     2 |     4 ||     6
Armor: Skin              |    11 |     1 ||    12
Dodge: Dodged            |    41 |    52 ||    93
